 Dungeon Crawl Stone Soup version 0.30.0-16-gbe6223bb7e (webtiles) character file.

Game seed: 3213726542231864104

19 browni3141 the Magician (level 2, -3/19 HPs)
             Began as a Mummy Summoner on May 20, 2023.
             Slain by an adder (4 damage)
             ... on level 4 of the Dungeon.
             The game lasted 00:02:18 (806 turns).

browni3141 the Magician (Mummy Summoner)             Turns: 806, Time: 00:02:18

Health: -3/19      AC:  2    Str: 11    XL:     2   Next: 55%
Magic:  5/6        EV: 12    Int: 14    God:
Gold:   30         SH:  0    Dex: 12    Spells: 5/8 levels left

rFire   x . .        h - +0 spear
rCold   + . .        (no shield)
rNeg    + + +        a - +0 robe
rPois   ∞            (no helmet)
rElec   .            (no cloak)
rCorr   .            (no gloves)
SInv    .            (no boots)
Will    .....        (no amulet)
Stlth   ++           (no ring)
HPRegen 0.23/turn    (no ring)
MPRegen 0.10/turn

%: faith
@: no status effects
A: cold resistance 1, negative energy resistance 3, torment resistance 2, heat
vulnerability 1, no potions, faith
a: no special abilities


You were on level 4 of the Dungeon.
You visited 1 branch of the dungeon, and saw 4 of its levels.

You collected 30 gold pieces.

Inventory:

Hand Weapons
 c - a +0 whip
 d - a +0 short sword
 h - a +0 spear (weapon)
Armour
 a - a +0 robe (worn)
Scrolls
 b - a scroll of teleportation {unknown}
 e - a scroll of magic mapping {unknown}
 f - a scroll of noise {unknown}
 g - a scroll of blinking {unknown}


   Skills:
 - Level 1.5 Dodging
 - Level 1.5 Stealth
 * Level 3.7 Spellcasting
 + Level 3.5 Summonings


You had 5 spell levels left.
You knew the following spells:

 Your Spells              Type           Power      Damage    Failure   Level
x - Call Imp              Summ           24%        N/A       7%          2
z - Summon Small Mammal   Summ           48%        N/A       4%          1

Your spell library contained the following spells:

 Spells                   Type           Power      Damage    Failure   Level
 Call Canine Familiar     Summ           12%        N/A       14%         3
 Summon Guardian Golem    Hex/Summ       7%         N/A       28%         3
 Summon Lightning Spire   Summ/Air       7%         N/A       67%         4


Dungeon Overview and Level Annotations

Branches:
Dungeon (4/15)
 Temple: D:4-7

Altars:


Innate Abilities, Weirdness & Mutations

You are immune to poison.
Your flesh is cold resistant. (rC+)
You are immune to negative energy. (rN+++)
You are immune to unholy pain and torment.
You are vulnerable to heat. (rF-)
You do not drink.
You have a special connection with the divine. (Faith)


Message History

* * * LOW HITPOINT WARNING * * *
Something shocks you.
* * * LOW HITPOINT WARNING * * *
You swap places.
Something hits your cerulean imp. Something shocks your cerulean imp.
Your cerulean imp resists.
Something hits your cerulean imp but does no damage.
There is a stone staircase leading up here.
Something hits your cerulean imp but does no damage.
You climb upwards.
Your summoned ally is left behind.
Reactivating autopickup.
There is a stone staircase leading down here.
You start resting.
Magic restored.
You start resting.
HP restored.
There is an escape hatch in the floor here.
You slide downwards.
The hatch slams shut behind you.
You hear the hiss of flowing sand.
There is an entrance to an ossuary on this level.
Hurry and find it before the portal is buried!
You hear the slow hiss of an avalanche of sand nearby.
The hound barks!
Casting: Call Imp (safe; 8% risk of failure)
Press: ? - help, Q - select action, (/) - cycle Dir - look around, f - activate A tiny devil pulls itself out of the air.
An adder comes into view.
The hound bites you but does no damage.
You barely miss the hound. The hound barely misses you.
The hound bites you but does no damage.
Your cerulean imp closely misses the hound.
A ball python comes into view.
You hit the hound but do no damage. The hound closely misses you.
Your cerulean imp hits the hound but does no damage.
You hit the hound but do no damage.
The hound stops to sniff the ground.
The hound bites you. x2; Your cerulean imp misses the hound.
The hound bites your cerulean imp.
Your cerulean imp barely misses the hound.
The hound bites your cerulean imp but does no damage.
The hound misses your cerulean imp.
Your cerulean imp misses the hound.
You closely miss the ball python.
The hound closely misses your cerulean imp.
The adder barely misses you.
Your cerulean imp hits the hound with a -3 spear.
The ball python bites you. The ball python closely misses you.
The hound bites your cerulean imp but does no damage.
The adder barely misses you.
You hit the ball python.
The ball python is heavily wounded.
The hound bites your cerulean imp. The ball python barely misses you.
The ball python grabs you. The ball python constricts you.
Your cerulean imp misses the hound.
The adder bites you.
You hit the ball python.
You kill the ball python!
The hound bites your cerulean imp. The adder completely misses you.
Your cerulean imp closely misses the hound.
The hound closely misses your cerulean imp.
You barely miss the adder. The adder bites you.
* * * LOW HITPOINT WARNING * * *
The hound closely misses your cerulean imp.
Your cerulean imp misses the hound.
The adder barely misses you.
You closely miss the adder.
The hound bites your cerulean imp but does no damage.
The adder closely misses you.
Your cerulean imp barely misses the hound.
The hound closely misses your cerulean imp.
You miss the adder. The adder bites you.
* * * LOW HITPOINT WARNING * * *
The hound closely misses your cerulean imp.
Your cerulean imp completely misses the hound.
The adder bites you.
* * * LOW HITPOINT WARNING * * *
The hound barely misses your cerulean imp.
You hit the adder.
The adder is heavily wounded.
Your cerulean imp misses the hound.
The adder misses you.
The hound completely misses your cerulean imp.
Your cerulean imp barely misses the hound.
You miss the adder.
The adder is heavily wounded.
The hound barely misses your cerulean imp.
The adder bites you.
* * * LOW HITPOINT WARNING * * *
The hound bites your cerulean imp but does no damage.
The adder bites you but does no damage.
Your cerulean imp closely misses the hound.
You hit the adder. You punch the adder.
The adder is severely wounded.
The hound bites your cerulean imp. The adder bites you.
* * * LOW HITPOINT WARNING * * *
Your cerulean imp closely misses the hound.
The hound bites your cerulean imp but does no damage.
You miss the adder.
The adder is severely wounded.
The adder bites you.
* * * LOW HITPOINT WARNING * * *
The hound bites your cerulean imp.
Your cerulean imp barely misses the hound.
The adder bites you.
You die...

. ...
....#######
#........@#
#.......5S#
#......h.......
+..............
#..............#
#.......[......#
#..............#
#..............#
#..............


You could see a hound (ally target), an adder and a friendly cerulean imp
(summoned).

Vanquished Creatures
  A worm (D:3)
  A ball python (D:4)
  2 goblins (D:3)
  2 frilled lizards (D:3)
  2 kobolds (D:2)
  A rat (D:3)
9 creatures vanquished.

Vanquished Creatures (collateral kills)
  An endoplasm (D:2)
  2 goblins (D:3)
  2 hobgoblins
  A frilled lizard (D:2)
  A rat (D:2)
7 creatures vanquished.

Grand Total: 16 creatures vanquished

Notes
Turn   | Place    | Note
-------+----------+-------------------------------------------
     0 | D:1      | browni3141 the Mummy Summoner began the quest for the Orb.
     0 | D:1      | Reached XP level 1. HP: 13/13 MP: 4/4
    55 | D:2      | Reached skill level 3 in Spellcasting
   179 | D:3      | Reached XP level 2. HP: 14/19 MP: 6/6
   201 | D:3      | Learned a level 2 spell: Call Imp
   364 | D:3      | Found a faded altar of an unknown god.
   657 | D:4      | Noticed a sky beast
   806 | D:4      | Slain by an adder

Illustrated notes

Levels and vault maps discovered:
D:1:      shiori_arrival_maze, layout_loops_ring
D:2:      layout_loops_cross, minivault_11, uniq_crazy_yiuf_cottage,
          uniq_terence
D:3:      layout_loops_ring, hellmonk_ecumenical_altar_heavens_door
D:4:      layout_gridville, lemuel_round_altar, marbit_many_paths,
          minmay_temple_entry_tees, enter_ossuary_4

Skill      XL: |  1 |
---------------+----+-----
Spellcasting   | 3 |  3.7
Dodging        | |  1.5
Stealth        | |  1.5
Summonings     | |  3.5

Action                     || total
---------------------------++-------
  Melee: Short sword       ||    46
         Unarmed           ||     8
         Whip              ||     4
         Spear             ||    14
         Punch             ||     1
   Cast: Summon Small Mamm ||    13
         Call Imp          ||     8
   Stab: Distracted        ||     1
 Armour: Robe              ||    12
  Dodge: Dodged            ||    39
